 Dungeon Crawl Stone Soup version 0.28.0-53-g5a82cb258f (webtiles) character file.

Game seed: 10873026964469017073

192196 Infinimo the Shatterer (level 18, -2/124 HPs)
             Began as a Gargoyle Berserker on June 16, 2022.
             Was an Elder of Trog.
             Slain by a harpy skeleton (7 damage)
             ... on level 3 of the Abyss.
             The game lasted 00:51:44 (34732 turns).

Infinimo the Shatterer (Gargoyle Berserker)        Turns: 34732, Time: 00:51:44

Health: -2/124     AC: 38    Str: 32 (33) XL:     18   Next: 22%
Magic:  15/18      EV:  7    Int:  8 (11) God:    Trog [****..]
Gold:   185        SH: 16    Dex:  7 (9)  Spells: 17/17 levels left

rFire   + + .      SeeInvis .   S - +1 morningstar
rCold   + + .      Faith    .   y - +0 tower shield
rNeg    + + .      Spirit   .   t - +0 plate armour of Defiance {rN+ Str+2 Int+2}
rPois   ∞          Reflect  .   l - +2 hat
rElec   +          Harm     .   o - scarf {rC+ rF+}
rCorr   .          Rampage  .   g - +2 pair of gloves {Str+3}
Will    +....      Rage     3%  a - +0 pair of boots
Stlth   ..........              N - amulet of Vitality {Regen+ HP+15}
HPRegen 1.10/turn               q - ring of protection from cold
MPRegen 0.16/turn               h - ring of protection from fire

@: about to teleport, flying
A: sickness immunity, AC +13, big wings, negative energy resistance 1,
electricity resistance, torment resistance 1, petrification resistance, beak,
frail 1, [berserk 2], [no potion heal 2]
}: 1/15 runes: gossamer
a: Renounce Religion, Berserk, Trog's Hand, Brothers in Arms


You were on level 3 of the Abyss.
You worshipped Trog.
Trog was greatly pleased with you.
You visited 5 branches of the dungeon, and saw 28 of its levels.
You visited the Abyss 1 time.
You also visited: Gauntlet.

You collected 2334 gold pieces.
You spent 2149 gold pieces at shops.

Inventory:

Hand Weapons
 S - a +1 morningstar (weapon)
Missiles
 Q - a throwing net (quivered)
Armour
 a - a +0 pair of boots (worn)
 g - a +2 pair of gloves of strength (worn)
 l - a +2 hat (worn)
 o - a scarf of resistance (worn)
 t - the +0 plate armour of Defiance (worn) {rN+ Str+2 Int+2}
   (You bought it in a shop on level 2 of the Orcish Mines)

   Str:       It affects your strength (+2).
   Int:       It affects your intelligence (+2).
   rN:        It protects you from negative energy.
 y - a +0 tower shield (worn)
Jewellery
 d - a ring of resist corrosion
 h - a ring of protection from fire (right hand)
 p - a +4 ring of protection
 q - a ring of protection from cold (left hand)
 J - a ring of protection from fire
 N - the amulet of Vitality (around neck) {Regen+ HP+15}
   (You found it on level 5 of the Lair of Beasts)

   [amulet of regeneration]

   HP:        It affects your health (+15).
   Regen:     It increases your rate of health regeneration.
Wands
 c - a wand of acid (5)
 r - a wand of flame (71)
 s - a wand of polymorph (16)
 w - a wand of digging (9)
 L - a wand of charming (6)
 P - a wand of iceblast (6)
 W - a wand of paralysis (10)
Scrolls
 b - 3 scrolls of enchant weapon
 m - a scroll of magic mapping
 n - 2 scrolls of teleportation
 x - 10 scrolls of identify
 E - 4 scrolls of enchant armour
 F - 7 scrolls of immolation
 G - a scroll of torment
 H - 3 scrolls of fog
 I - 2 scrolls of holy word
Potions
 e - 9 potions of might
 f - 7 potions of ambrosia
 i - 6 potions of flight
 j - 5 potions of brilliance
 k - 3 potions of heal wounds
 u - 8 potions of magic
 v - 9 potions of curing
 z - 3 potions of attraction
 B - a potion of cancellation
 C - 5 potions of haste
 D - 3 potions of mutation
 K - 4 potions of lignification
 M - 5 potions of degeneration
 O - a potion of berserk rage


   Skills:
 + Level 16.7 Fighting
 * Level 21.0 Maces & Flails
 + Level 16.5 Armour
 - Level 1.5 Dodging
 + Level 14.5 Shields


You had 17 spell levels left.
You didn't know any spells.
Your spell library contained the following spells:

 Spells                   Type           Power      Damage    Failure   Level
 Blink                    Tloc           0%         N/A       100%        2
 Leda's Liquefaction      Hex/Erth       0%         N/A       100%        4
 Lee's Rapid Deconstruct  Erth           0%         3d5*      100%        5
 Manifold Assault         Tloc           0%         N/A       100%        5
 Storm Form               Tmut/Air       0%         N/A       100%        7
 Statue Form              Tmut/Erth      Unusable   N/A       N/A         6

Dungeon Overview and Level Annotations

Branches:
Dungeon (15/15)            Temple (0/1) D:7            Lair (6/6) D:11
 Shoals (0/4) Lair:4       Spider (4/4) Lair:3        Slime (0/5) Lair:5
    Orc (2/2) D:11            Elf (0/3) Orc:2        Vaults (0/5) D:14
 Depths (1/4) D:15        Gauntlet (visited)

Altars:
Cheibriados
Dithmenos
Ru
Trog
Xom
The Shining One
Beogh

Shops:
D:2 ?   D:8 ?   D:12 [   D:13 ***[   D:15 (   Orc:2 [(*!::*(*   Depths:1 [?=?

Annotations:
D:12 2 transporters, exclusions: ice statue and oklob plant, qipq's ghost, journeyman OpEE


Innate Abilities, Weirdness & Mutations

You are immune to sickness and miasma.
Your stone body is resilient. (AC +13)
You are immune to poison.
Your large and strong wings let you fly.
You resist negative energy. (rN+)
You are resistant to electric shocks. (rElec)
You are resistant to unholy torment.
You are immune to petrification.
You have a beak for a mouth.
You are frail. (-10% HP)
[You often lose your temper in combat.]
[Potions cannot restore your health.]


Message History

You block the harpy skeleton's attack.
The harpy skeleton claws you but does no damage.
The large abomination hits you.
The harpy skeleton completely misses you.
The harpy skeleton barely misses you.
The harpy skeleton claws you but does no damage.
You block the harpy skeleton's attack.
You perforate the harpy skeleton like a sieve!!!
You destroy the harpy skeleton!
The harpy skeleton shimmers and vanishes!
You block the harpy skeleton's attack. The harpy skeleton closely misses you.
The large abomination hits you. The smoke demon gestures at you.
Something smites you!
* * * LOW HITPOINT WARNING * * *
The harpy skeleton claws you but does no damage. x2
You block the harpy skeleton's attack. x2
The harpy skeleton completely misses you.
You block the harpy skeleton's attack. The smoke demon gestures at you.
Something smites you!
* * * LOW HITPOINT WARNING * * *
A tentacled starspawn comes into view.
The harpy skeleton claws you.
* * * LOW HITPOINT WARNING * * *
You block the harpy skeleton's attack.
A small abomination comes into view.
Blink to where?
Press: ? - help, Dir - move target
As you read the scroll of blinking, it crumbles to dust.
As you read the scroll of teleportation, it crumbles to dust.
You feel strangely unstable.
You feel the power of the Abyss delaying your translocation!
The smoke demon gestures at you. Something smites you!
* * * LOW HITPOINT WARNING * * *
The small abomination hits you.
* * * LOW HITPOINT WARNING * * *
The harpy skeleton claws you!
You die...

### . . ##.# # #.
##.#. ..#
#.##.#.###.
#.#..#...#.#......
##@#........## #
#.Zx..#..#.#.#### .
#.#....#......## .≈
#..###....#..#.##.4.
##. #..R.#...X##.#.
#.#...##3X####...≈≈
..#.# #X....##Z.Z#≈
##......###.#.#...
#.....##. ##X## Z.≈


You could see a rakshasa, a large abomination, a smoke demon, a small
abomination and a harpy skeleton.

Vanquished Creatures
  Arachne (Spider:4)
  Rupert (Lair:4)
  A lich (Abyss:3)
  2 tentacled starspawn (Abyss:3)
  A tengu reaver (D:15)
  A fire giant (D:15)
  3 emperor scorpions (Spider:4)
  Roxanne (Spider:1)
  An orc warlord (D:11)
  3 ghost moths (Spider:4)
  2 frost giants
  Aizul (Spider:1)
  2 broodmothers
  A very ugly thing (D:15)
  The ghost of Buiveh the Geomancer, a journeyman GrEE of Vehumet (Lair:6)
  2 entropy weavers
  3 spark wasps
  Azrael (D:15)
  An iron golem (Depths:1)
  A minotaur (Gauntlet)
  The ghost of Getouj the Thaumaturge, a journeyman DECj of Vehumet (D:14)
  Josephine (D:13)
  2 fire dragons (D:15)
  A naga warrior (Abyss:3)
  9 hydras
  A great orb of eyes (D:15)
  A rakshasa (Abyss:3)
  5 boulder beetles
  5 catoblepae
  An ice dragon (Depths:1)
  3 jorogumos
  7 centaur warriors
  A two-headed ogre (D:12)
  2 radroaches (Spider:4)
  2 deep troll earth magi (D:15)
  A deep troll shaman (D:15)
  7 death yaks (Lair:6)
  2 tengu warriors
  2 hell hogs (Abyss:3)
  4 orc high priests (Orc:2)
  5 thrashing horrors (Abyss:3)
  A deep elf knight (D:9)
  A soul eater (Gauntlet)
  A wretched star (Abyss:3)
  A fire crab (Lair:4)
  A skeletal warrior (D:14)
  A spatial maelstrom (Abyss:3)
  3 pharaoh ants
  5 steelbarb worms
  2 sun moths
  An orb spider (shapeshifter) (D:15)
  7 deep trolls
  A glowing orange brain (Gauntlet)
  A wizard (D:14)
  A flayed ghost (Abyss:3)
  7 orb spiders
  2 wolf spider zombies (D:15)
  A swamp dragon (shapeshifter) (D:15)
  A necromancer (D:15)
  9 orc knights
  29 ugly things
  11 orc sorcerers
  16 wolf spiders
  A mana viper (shapeshifter) (D:15)
  3 deep elf pyromancers
  4 cyclopes
  2 worldbinders
  5 oklob plants
  5 manticores
  9 elephants
  2 merfolk sirens (Lair:4)
  3 moths of wrath
  4 black mambas
  A guardian serpent (shapeshifter) (D:13)
  2 naga magi
  A guardian serpent (Abyss:3)
  A gargoyle (D:13)
  3 torpor snails
  A smoke demon (Abyss:3)
  8 demonic crawlers
  15 cane toads
  Psyche (D:12)
  2 rime drakes (Lair:6)
  A komodo dragon (shapeshifter) (D:9)
  A redback zombie (D:15)
  3 yaktaurs (D:14)
  A minotaur zombie (Gauntlet)
  3 tengu conjurers (D:15)
  8 komodo dragons
  An ancient zyme (Abyss:3)
  2 merfolk (Lair:4)
  8 trolls
  12 meliai
  A hornet (D:9)
  A polar bear (Lair:6)
  32 tarantellas
  Grinder (D:6)
  5 raiju (Abyss:3)
  3 dream sheep (Lair:6)
  32 blink frogs
  7 slime creatures
  30 jumping spiders
  A centaur simulacrum (D:15)
  17 culicivoras
  9 wraiths
  2 shadows
  4 large abominations (Abyss:3)
  55 yaks
  Eustachio (D:6)
  7 basilisks
  2 fire elementals (D:15)
  2 neqoxecs (Abyss:3)
  7 wyverns
  35 redbacks
  2 steam dragons
  3 wargs
  Edmund (D:6)
  15 vampire mosquitoes
  3 nagas (Abyss:3)
  An acid dragon (D:8)
  5 hell hounds
  8 water moccasins
  6 black bears
  A sky beast (D:4)
  25 orc warriors
  2 ice beasts
  A tengu (shapeshifter) (D:14)
  A necrophage (D:7)
  15 ogres
  18 starcursed masses (Abyss:3)
  4 boggarts
  10 centaurs
  17 wolves
  4 kobold brigands
  9 bullfrogs
  2 small abominations (Abyss:3)
  A wyvern zombie (D:8)
  5 scorpions
  9 killer bees
  A wight (D:4)
  5 howler monkeys
  A quasit (Abyss:3)
  6 centaur zombies
  7 orc priests
  5 hounds
  A gnoll shaman (D:7)
  4 jellies
  5 centaur skeletons
  4 iguanas
  A bullfrog skeleton (D:5)
  5 hell rats (Lair:5)
  16 orc wizards
  A killer bee zombie (D:7)
  2 hound zombies (D:5)
  A hound skeleton (D:5)
  2 howler monkey zombies
  6 adders
  4 gnolls
  6 shadow imps
  2 white imps
  2 ufetubi
  A dart slug (D:3)
  56 orcs
  3 ball pythons (D:4)
  9 endoplasms
  5 giant cockroaches
  3 goblins (D:3)
  3 hobgoblins
  2 jackals
  23 kobolds
  A quokka (D:2)
  8 bats
  2 frilled lizards
  6 rats
  2 starspawn tentacles (Abyss:3)
942 creatures vanquished.

Vanquished Creatures (collateral kills)
  2 gnolls (D:4)
  A dart slug (D:4)
3 creatures vanquished.

Vanquished Creatures (others)
  An orc priest (Orc:2)
  An orc (Orc:1)
  17 fungi
  35 plants
  4 starspawn tentacles (Abyss:3)
  A withered plant (Gauntlet)
59 creatures vanquished.

Grand Total: 1004 creatures vanquished

Notes
Turn   | Place    | Note
-------+----------+-------------------------------------------
     0 | D:1      | Infinimo the Gargoyle Berserker began the quest for the
                  | Orb.
     0 | D:1      | Reached XP level 1. HP: 14/14 MP: 1/1
   435 | D:1      | Reached XP level 2. HP: 19/19 MP: 2/2
  1015 | D:2      | Found Kuem's Magic Scroll Shop.
  1035 | D:2      | Bought a scroll of magic mapping for 35 gold pieces
  1035 | D:2      | Bought a scroll of identify for 20 gold pieces
  1035 | D:2      | Bought a scroll of teleportation for 30 gold pieces
  1214 | D:2      | Reached XP level 3. HP: 21/23 MP: 3/3
  1493 | D:3      | Noticed an ogre
  1501 | D:3      | Killed an ogre
  1502 | D:3      | Reached skill level 4 in Maces & Flails
  1502 | D:3      | Reached XP level 4. HP: 9/29 MP: 4/4
  1776 | D:3      | Reached XP level 5. HP: 32/33 MP: 5/5
  1812 | D:3      | Reached ** piety under Trog
  1831 | D:3      | Found a glowing golden altar of the Shining One.
  2231 | D:3      | Noticed an ogre
  2236 | D:3      | Killed an ogre
  2237 | D:3      | Reached skill level 5 in Maces & Flails
  2237 | D:3      | Reached XP level 6. HP: 39/39 MP: 6/6
  2681 | D:4      | Reached skill level 5 in Fighting
  2796 | D:4      | Noticed a black bear
  2805 | D:4      | Killed a black bear
  2806 | D:4      | Reached skill level 6 in Maces & Flails
  2806 | D:4      | Reached XP level 7. HP: 44/44 MP: 7/7
  3026 | D:4      | Reached skill level 5 in Armour
  3136 | D:4      | Reached XP level 8. HP: 51/51 MP: 8/8
  3172 | D:5      | Entered Level 5 of the Dungeon
  3222 | D:5      | Reached skill level 7 in Maces & Flails
  3468 | D:5      | Found a shadowy altar of Dithmenos.
  3598 | D:5      | Found a shimmering altar of Xom.
  4025 | D:6      | Reached skill level 8 in Maces & Flails
  4173 | D:6      | Noticed Eustachio
  4188 | D:6      | Killed Eustachio
  4189 | D:6      | Reached XP level 9. HP: 56/56 MP: 9/9
  4236 | D:6      | Noticed Edmund
  4237 | D:6      | Noticed Grinder
  4313 | D:6      | Killed Edmund
  4317 | D:6      | Paralysed by Grinder for 6 turns
  4325 | D:6      | Killed Grinder
  4326 | D:6      | Reached skill level 9 in Maces & Flails
  5242 | D:7      | Reached skill level 10 in Maces & Flails
  5319 | D:7      | Found a staircase to the Ecumenical Temple.
  5775 | D:7      | Reached XP level 10. HP: 56/64 MP: 10/10
  6038 | D:8      | Reached *** piety under Trog
  6347 | D:8      | Found Coekoor's Magic Scroll Shoppe.
  6363 | D:8      | Bought a scroll of teleportation for 30 gold pieces
  7222 | D:9      | Found a bloodstained altar of Trog.
  7443 | D:9      | Reached skill level 1 in Shields
  7514 | D:9      | Reached skill level 11 in Maces & Flails
  7670 | D:9      | Noticed a deep elf knight
  7688 | D:9      | Killed a deep elf knight
  8237 | D:10     | Entered Level 10 of the Dungeon
  8566 | D:10     | Noticed a tengu warrior
  8594 | D:10     | Killed a tengu warrior
  8595 | D:10     | Reached XP level 11. HP: 15/71 MP: 11/11
  8925 | D:10     | Found the +18 Lear's hauberk
  9201 | D:10     | Reached skill level 12 in Maces & Flails
  9449 | D:11     | Found a sacrificial altar of Ru.
  9743 | D:11     | Reached **** piety under Trog
  9773 | D:11     | Found a staircase to the Orcish Mines.
  9798 | D:11     | Noticed a cyclops
  9801 | D:11     | Noticed a boulder beetle
  9804 | D:11     | Killed a cyclops
  9821 | D:11     | Killed a boulder beetle
 10021 | D:11     | Reached skill level 10 in Fighting
 10239 | D:11     | Found a staircase to the Lair.
 10364 | Lair:1   | Entered Level 1 of the Lair of Beasts
 10412 | Lair:1   | Reached skill level 5 in Shields
 10745 | Lair:1   | Reached skill level 10 in Armour
 10852 | Lair:1   | Noticed an oklob plant
 10853 | Lair:1   | Noticed an oklob plant
 10865 | Lair:1   | Killed an oklob plant
 10866 | Lair:1   | Reached skill level 13 in Maces & Flails
 10867 | Lair:1   | Noticed an oklob plant
 10878 | Lair:1   | Killed an oklob plant
 11057 | Lair:1   | Noticed an oklob plant
 11071 | Lair:1   | Killed an oklob plant
 11072 | Lair:1   | Reached XP level 12. HP: 27/78 MP: 12/12
 11598 | Lair:1   | You fall into a shaft and drop 1 floor!
 11654 | Lair:2   | Noticed a catoblepas
 11685 | Lair:1   | Killed a catoblepas
 12464 | Lair:2   | Reached skill level 14 in Maces & Flails
 13270 | Lair:3   | Reached XP level 13. HP: 65/84 MP: 13/13
 14240 | Lair:3   | Found a hole to the Spider Nest.
 14572 | Lair:4   | Reached skill level 15 in Maces & Flails
 14911 | Lair:4   | Found a staircase to the Shoals.
 15239 | Lair:4   | Noticed Rupert
 15263 | Lair:4   | Killed Rupert
 16234 | Lair:5   | Found a staircase to the Slime Pits.
 16424 | Lair:5   | Found the amulet of Vitality {Regen+ HP+15}
 16587 | Lair:5   | Gained mutation: Your large and strong wings let you fly.
                  | [Gargoyle growth]
 16587 | Lair:5   | Reached XP level 14. HP: 81/92 MP: 14/14
 16604 | Lair:5   | Reached skill level 16 in Maces & Flails
 17300 | Lair:6   | Entered Level 6 of the Lair of Beasts
 17357 | Lair:6   | Identified the amulet of Widaciu {Spirit rC+}
 17627 | Lair:6   | Found a runed translucent door.
 17629 | Lair:6   | Noticed Buiveh's ghost (journeyman GrEE)
 17784 | Lair:6   | Reached skill level 10 in Shields
 18774 | Lair:6   | Reached ***** piety under Trog
 19032 | Lair:6   | Killed Buiveh's ghost
 19255 | Orc:1    | Entered Level 1 of the Orcish Mines
 19271 | Orc:1    | Reached skill level 17 in Maces & Flails
 19861 | Orc:2    | Entered Level 2 of the Orcish Mines
 19914 | Orc:2    | Noticed an orc warlord
 20151 | Orc:1    | Paralysed by an orc sorcerer for 5 turns
 20191 | D:11     | Killed an orc warlord
 20192 | D:11     | Reached XP level 15. HP: 100/100 MP: 15/15
 20286 | Orc:2    | Found Pelifeh's General Store.
 20409 | Orc:2    | Gained mutation: You have a beak for a mouth. [a neqoxec]
 20419 | Orc:2    | Bought a scroll of identify for 26 gold pieces
 20432 | Orc:2    | Found Raris's Book Emporium.
 20433 | Orc:2    | Found Kiwauz's Distillery.
 20454 | Orc:2    | Found a staircase to the Elven Halls.
 20472 | Orc:2    | Bought a potion of curing for 42 gold pieces
 20472 | Orc:2    | Bought 2 potions of curing for 84 gold pieces
 20472 | Orc:2    | Bought a potion of might for 56 gold pieces
 20478 | Orc:2    | Found Esayd's Book Boutique.
 20516 | Orc:2    | Found Maol's Weapon Boutique.
 20639 | Orc:2    | Found Qiopp's General Store.
 20935 | Orc:2    | Found Upticaaz's Antique Weapon Boutique.
 21063 | Orc:2    | Found Uwnil's Antique Armour Boutique.
 21071 | Orc:2    | Bought a crude plate armour for 840 gold pieces
 21071 | Orc:2    | Identified the +0 plate armour of Defiance {rN+ Str+2
                  | Int+2} (You bought it in a shop on level 2 of the Orcish
                  | Mines)
 21084 | Orc:2    | Bought a glowing scarf for 240 gold pieces
 21237 | Orc:2    | Found Wime's General Store.
 21245 | Orc:2    | Bought a scroll of teleportation for 42 gold pieces
 21245 | Orc:2    | Bought a potion of haste for 140 gold pieces
 21245 | Orc:2    | Bought a potion of might for 56 gold pieces
 21473 | D:12     | Received a gift from Trog
 21647 | D:12     | Found a transporter.
 21650 | D:12     | Noticed qipq's ghost (journeyman OpEE)
 21710 | D:12     | Found a transporter.
 21741 | D:12     | Noticed Psyche
 21746 | D:12     | Killed Psyche
 22025 | D:12     | Found Usurebiq's Antique Armour Shop.
 22172 | D:13     | Found Umnin's Assorted Antiques.
 22222 | D:13     | Found Jymer's Assorted Antiques.
 22251 | D:13     | Bought 3 scrolls labelled NEHAWETW ZIFA for 75 gold pieces
 22251 | D:13     | Bought a scroll labelled USOPOBRUYS for 25 gold pieces
 22261 | D:13     | Found Puttoadghe's Assorted Antiques.
 22269 | D:13     | Bought a scroll labelled NEHAWETW ZIFA for 29 gold pieces
 22269 | D:13     | Bought a scroll of teleportation for 87 gold pieces
 22281 | D:13     | Found Maujal's Antique Armour Shop.
 22282 | D:13     | Found a gate leading to a gauntlet.
 22313 | Gauntlet | Entered a Gauntlet
 22313 | Gauntlet | Found a transporter.
 22326 | Gauntlet | Found a transporter.
 22337 | Gauntlet | Found a transporter.
 22340 | Gauntlet | Found a transporter.
 22348 | Gauntlet | Found a transporter.
 22370 | Gauntlet | Found a transporter.
 22382 | Gauntlet | Found a transporter.
 22389 | Gauntlet | Found a runed translucent gate.
 22389 | Gauntlet | Found a runed translucent gate.
 22389 | Gauntlet | Found a runed translucent gate.
 22393 | Gauntlet | Found a transporter.
 22412 | Gauntlet | Found a transporter.
 22426 | Gauntlet | Found a transporter.
 22426 | Gauntlet | Found a transporter.
 22474 | Gauntlet | Found a transporter.
 22491 | Gauntlet | Found a transporter.
 22500 | Gauntlet | Found a transporter.
 22648 | Gauntlet | Reached skill level 18 in Maces & Flails
 22726 | Gauntlet | Identified the ring of Nypt {Str+3 Dex+6}
 22868 | D:13     | Noticed Josephine
 22878 | D:13     | Killed Josephine
 23846 | D:13     | Reached XP level 16. HP: 107/107 MP: 16/16
 24193 | D:14     | Found a gate to the Vaults.
 24388 | D:14     | Found a runed translucent gate.
 24388 | D:14     | Found a runed translucent gate.
 24388 | D:14     | Found a runed translucent gate.
 24530 | D:14     | Noticed Getouj's ghost (journeyman DECj)
 24544 | D:14     | Killed Getouj's ghost
 24642 | D:15     | Entered Level 15 of the Dungeon
 24658 | D:15     | Noticed Azrael
 24673 | D:15     | Killed Azrael
 24799 | D:15     | Reached skill level 15 in Fighting
 24833 | D:15     | Paralysed by an orc sorcerer for 6 turns
 24922 | D:15     | Found a staircase to the Depths.
 25423 | D:15     | Reached skill level 19 in Maces & Flails
 25502 | D:15     | Received a gift from Trog
 25503 | D:15     | Reached skill level 15 in Armour
 25691 | D:15     | Found a glowing golden altar of the Shining One.
 25813 | D:15     | Found Vymumn's Weapon Boutique.
 26069 | Spider:1 | Entered Level 1 of the Spider Nest
 26104 | Spider:1 | Noticed Aizul
 26129 | Spider:1 | Killed Aizul
 26935 | Spider:1 | Noticed Roxanne
 26954 | Spider:1 | Killed Roxanne
 28090 | Spider:2 | Reached XP level 17. HP: 107/113 MP: 17/17
 28222 | Spider:2 | Identified the +2 ring mail of Dogma {Str+5 Slay-2}
 29115 | Spider:3 | Received a gift from Trog
 29916 | Spider:4 | Entered Level 4 of the Spider Nest
 29992 | Spider:4 | Reached skill level 20 in Maces & Flails
 30778 | Spider:4 | Received a gift from Trog
 31198 | Spider:4 | Noticed Arachne
 32100 | Spider:4 | Killed Arachne
 32324 | Spider:4 | Got a gossamer rune of Zot
 32766 | Depths:1 | Entered Level 1 of the Depths
 32997 | D:15     | Reached XP level 18. HP: 122/122 MP: 18/18
 33559 | Depths:1 | Found a snail-covered altar of Cheibriados.
 33727 | Depths:1 | Found Huziyro's Magic Scroll Shop.
 33729 | Depths:1 | Found Olask's Magic Scroll Boutique.
 33729 | Depths:1 | Found Xuemejug's Antique Armour Shop.
 33734 | Depths:1 | Bought a scroll of teleportation for 42 gold pieces
 33734 | Depths:1 | Found Yharu's Jewellery Boutique.
 33737 | Depths:1 | Bought a scroll of teleportation for 60 gold pieces
 33737 | Depths:1 | Bought a scroll of teleportation for 60 gold pieces
 33737 | Depths:1 | Bought a scroll of teleportation for 60 gold pieces
 33737 | Depths:1 | Bought a scroll of fear for 70 gold pieces
 33837 | Depths:1 | Reached skill level 21 in Maces & Flails
 33897 | Depths:1 | Cast into level 3 of the Abyss (a wizard)
 33905 | Abyss:3  | Found a corrupted altar of Lugonu.
 34480 | Abyss:3  | Noticed a lich
 34494 | Abyss:3  | Killed a lich
 34551 | Abyss:3  | Gained mutation: You are frail. (-10% HP) [a neqoxec]
 34690 | Abyss:3  | Noticed a hellephant
 34732 | Abyss:3  | HP: 5/124 [small abomination (4)]
 34732 | Abyss:3  | Slain by a harpy skeleton

Illustrated notes

Levels and vault maps discovered:
D:1:      minmay_arrival_four_houses, layout_basic
D:2:      layout_rooms, serial_shops, shop_fountains
D:3:      minmay_thinvault, layout_basic, mainiacjoe_overflow_small_starburst,
          wad_rectangle_vault
D:4:      layout_rooms, palyth_stone_intersect, minmay_manual_mullet
D:5:      layout_rooms, jmf_multi_god_temple, st_stairs_8
D:6:      layout_basic, uniq_eustachio, uniq_grinder, uniq_edmund
D:7:      layout_loops_corners, minmay_temple_entry_junction_2, minivault_11,
          nicolae_grassy_gnolls
D:8:      layout_basic, serial_shops, nicolae_shop_hallway_stairs,
          roderic_lattice_a
D:9:      layout_loops_ring, lightli_temple_of_fire, minmay_three_doors
D:10:     layout_roguey, hellmonk_guarded_unrand_lears
D:11:     layout_roguey, grunt_lair_entry_orc_guard_hut, hiddenorc1_lemuel,
          nicolae_ru_great_annihilating_truth
D:12:     layout_roguey, nzn_ghost_randoct, serial_shops, shop_fountains,
          corexii_corridor_pit, kennysheep_another_room, uniq_psyche
D:13:     layout_roguey, serial_shops, kennysheep_mini, shop, shop,
          shop_fountains, gauntlet_entry_generic, uniq_josephine
D:14:     layout_small_grid, hangedman_vaults_entry_quadrant_bands, hex_medium,
          ebering_ghost_rock_garden
D:15:     grunt_enter_depths_magical_seal, layout_basic, serial_shops,
          nicolae_shop_crystal, nicolae_tso_carved_into_rock, uniq_azrael
Lair:1:   minmay_lair_oklob_tunnel, layout_chaotic_city, beast_lair_carwin_8,
          grunt_megastairs_2, uniq_erica
Lair:2:   layout_loops_ring, grunt_megastairs_3
Lair:3:   layout_chaotic_city, spider_nest_entry_funnel_web,
          serial_bayou_lagoon_a, nicolae_lair_grove_arrangements,
          lemuel_fruit_fields, infiniplex_staircase_pool_2
Lair:4:   layout_roguey, elwin_shoals_entry_stream, uniq_rupert
Lair:5:   layout_cave_shapes, nicolae_slime_entry_slimehenge, grunt_megastairs_1
Lair:6:   evilmike_catoblepas_cave, layout_cave_pods, ebering_ghost_inner_flame,
          minivault_26, chequers_serial_rivers_micro_c
Spider:1: layout_chambers, uniq_roxanne, uniq_aizul
Spider:2: layout_spider_delve
Spider:3: layout_chambers
Spider:4: johnstein_spider_rune_arachne_lair
Orc:1:    layout_caves, mines1_david
Orc:2:    grunt_orc_gardens, layout_caves, grunt_orc_garden, grunt_orc_garden,
          grunt_orc_garden, grunt_orc_garden, serial_shops,
          nicolae_shop_advertising_works [nicolae_subvault_shop_adworks],
          nicolae_shop_bloodbath_and_beyond, shop, nicolae_shop_waterfront,
          nicolae_shop_waterfront
Depths:1: nzn_winding_woodlands_three_and_one
          [nzn_winding_woodlands_5x15_default,
          nzn_winding_woodlands_5x15_garden,
          nzn_winding_woodlands_5x15_longhouse,
          nzn_winding_woodlands_center_triple_pond], layout_basic, pan_entry,
          hell_entry, nicolae_abyss_entry_one_way_or_another, slow_altar_1,
          minmay_shoptagon, infiniplex_staircase_pool_lava, serial_bayou_shore_b
Abyss:3:  base: D:5, doesnt_abyss_rune_brain_food,
          grunt_abyss_rune_forest_and_sorcery, serial_sigils_hangedman_shear,
          evilmike_nicolae_abyss_rune_betentacled_crabyss

Skill      XL: |  1  2  3  4  5  6  7  8  9 10 11 12 13 14 15 16 17 18 |
---------------+-------------------------------------------------------+-----
Fighting       | 4 5 6 8 9 10 11 12 13 14 15 16 | 16.7
Maces & Flails | 4 5 6 8 10 11 13 14 15 17 18 19 20 21 | 21.0
Armour         | 3 4 5 6 7 9 10 11 12 13 14 15 16 | 16.5
Shields        | 3 5 7 9 10 12 13 14 | 14.5
Dodging        | |  1.5

Action                   |  1- 3 |  4- 6 |  7- 9 | 10-12 | 13-15 | 16-18 || total
-------------------------+-------+-------+-------+-------+-------+-------++-------
Melee: Mace              |    78 |    36 |       |       |       |       ||   114
       Punch             |       |     3 |     4 |    10 |    19 |       ||    36
       Flail             |       |    52 |   269 |   814 |  1690 |  1244 ||  4069
       Peck              |       |       |       |       |   106 |   502 ||   608
       Morningstar       |       |       |       |       |       |   764 ||   764
Invok: Berserk           |     2 |     4 |    11 |    22 |    41 |    44 ||   124
       Trog's Hand       |       |       |       |       |     1 |       ||     1
       Brothers in Arms  |       |       |       |       |       |     1 ||     1
  Use: Scroll            |     6 |     1 |     1 |     7 |    15 |    19 ||    49
       Potion            |       |       |       |       |       |     7 ||     7
 Stab: Petrified         |       |       |       |       |     7 |       ||     7
Armor: Animal skin       |    32 |    54 |     8 |       |       |       ||    94
       Scale mail        |       |       |   131 |   170 |       |       ||   301
       Chain mail        |       |       |       |   303 |   848 |       ||  1151
       Plate armour      |       |       |       |       |   446 |  2012 ||  2458
Dodge: Dodged            |    42 |    74 |   130 |   267 |   551 |   561 ||  1625
Block: Tower shield      |       |       |       |       |   558 |  1920 ||  2478
